AoeStats
← ben1guerard

Arabian Desert

509773732Analyzed
1v1 RM · 5d ago on Sep 28, 2026· 52m 34s· 2 players
Game mode
Random Map
Map size
Tiny (2 player)
Population
200
Speed
Normal
Resources
Standard
Victory
Conquest
Starting age
Dark Age
Ending age
Imperial Age
RankedLock teamsTeams togetherTeam positionsShared explorationLock speedFull tech treeHidden civsTurbo modeCheats
Victory
Defeat
🇪🇸 Franks · Spain
987
+15
🇨🇦 Saxons · Canada
966
-15
ben1guerard
6:38 Loom
10:07 Feudal Age
10:52 Double-Bit Axe
16:50 Wheelbarrow
19:44 Castle Age
17:55 Horse Collar
18:11 Fletching
19:15 Gold Mining
20:43 Crossbowman
22:13 Bodkin Arrow
22:52 Bow Saw
24:32 Thumb Ring
26:06 Thumb Ring
28:27 Ballistics
29:24 Scale Mail Armor
29:35 Forging
29:26 Padded Archer Armor
35:18 Imperial Age
33:59 Chain Mail Armor
34:19 Iron Casting
34:22 Pikeman
35:32 Arbalester
37:51 Gambesons
38:06 Squires
37:51 Arson
37:27 Halberdier
39:38 Shield Wall
42:40 Plate Mail Armor
42:57 Bracer
44:15 Iron Casting
49:09 Leather Archer Armor
Primo_Pixha
11:59 Feudal Age
12:29 Double-Bit Axe
17:00 Castle Age
17:42 Gold Mining
19:54 Forging
19:49 Scale Barding Armor
25:31 Fishing Lines
29:06 Imperial Age
26:22 Town Watch
26:23 Loom
28:47 Husbandry
29:33 Cavalier
30:27 Fletching
32:44 Padded Archer Armor
36:37 Chain Barding Armor
36:52 Iron Casting
39:06 Gillnets
40:48 Chivalry
42:59 Paladin
45:20 Plate Barding Armor
45:20 Iron Casting
44:52 Bodkin Arrow
47:12 Leather Archer Armor
52:54 Conscription
Connection lost

Rejoining the realm…

Still unreachable

The connection could not be restored.

Session expired

The server has moved on; the page needs a fresh start.